 Dungeon Crawl Stone Soup version 0.29-a0-356-g7bc237e783 (webtiles) character file.

Game seed: 13772801081864698359

1249 spaghetti the Arsonist (level 8, -4/52 HPs)
             Began as an Octopode Fire Elementalist on Apr 26, 2022.
             Slain by Edmund
             ... wielding a +4 antimagic flail
              (7 damage)
             ... on level 6 of the Dungeon.
             The game lasted 00:08:52 (6442 turns).

spaghetti the Arsonist (Octopode Fire Elementalist) Turns: 6442, Time: 00:08:53

Health: -4/52      AC:  1    Str:  8    XL:     8   Next: 50%
Magic:  16/16      EV: 14    Int: 19    God:
Gold:   222        SH:  0    Dex: 12    Spells: 8/18 levels left

rFire   . . .      SeeInvis .   I - +6 shillelagh "Devastator" {shatter}
rCold   . . .      Faith    .   (no shield)
rNeg    . . .      Spirit   .   (helmet restricted)
rPois   .          Reflect  .   q - amulet of magic regeneration {@e2}
rElec   .          Harm     .   (no ring)
rCorr   .          Rampage  .   (no ring)
Will    .....                   (no ring)
Stlth   +++.......              (no ring)
HPRegen 0.17/turn               (no ring)
MPRegen 0.55/turn               (no ring)
                                (no ring)
                                (no ring)

@: no status effects
A: almost no armour, amphibious, 8 rings, camouflage 1, gelatinous body 1,
(nimble swimmer 1), tentacles
a: no special abilities


You were on level 6 of the Dungeon.
You visited 1 branch of the dungeon, and saw 6 of its levels.

You collected 222 gold pieces.


Innate Abilities, Weirdness & Mutations

You cannot wear most types of armour.
You are amphibious.
You can wear up to eight rings at the same time.
Your skin changes colour to match your surroundings (Stealth+).
Your rubbery body absorbs attacks. (AC +1, EV +1)
((You are camouflaged when in or above water. (Stealth+)))
You have tentacles for arms and can constrict up to eight enemies at once.


   Skills:
 + Level 3.2 Fighting
 + Level 3.9 Dodging
 - Level 2.6 Stealth
 - Level 5.8 Spellcasting
 + Level 7.4 Conjurations
 + Level 8.0 Fire Magic


You had 8 spell levels left.
You knew the following spells:

 Your Spells              Type           Power      Damage    Failure   Level
a - Foxfire               Conj/Fire      100%       2x1d9     1%          1
b - Scorch                Fire           72%        2d9       1%          2
c - Flame Wave            Conj/Fire      34%        2d8       4%          4
d - Inner Flame           Hex/Fire       20%        N/A       7%          3

Your spell library contained the following spells:

 Spells                   Type           Power      Damage    Failure   Level
 Conjure Flame            Conj/Fire      34%        6-21      1%          3
 Freeze                   Ice            20%        1d4       12%         1
 Hailstorm                Conj/Ice       19%        3d6       26%         4
 Frozen Ramparts          Ice            10%        1d3       34%         3

Inventory:

Hand Weapons
 c - a +2 whip of venom {mace}
   (You took it off a kobold on level 2 of the Dungeon)
 l - a +0 dagger {short}
   (You found it on level 1 of the Dungeon)
 m - a +0 dagger {short}
   (You took it off a kobold on level 1 of the Dungeon)
 p - a +1 dagger of speed {short}
   (You took it off a goblin on level 2 of the Dungeon)
 I - the +6 shillelagh "Devastator" (weapon) {shatter}
   (You found it on level 5 of the Dungeon)

   It releases a powerful concussive burst when it strikes, dealing extra damage
   to the target and all other foes adjacent to them.
 J - a +2 rapier of speed {short}
   (You took it off Duvessa on level 6 of the Dungeon)
Missiles
 e - 50 stones (quivered) {throwing}
 B - 2 throwing nets {=f!fthrowing}
 E - 4 poisoned darts {throwing}
 G - a boomerang {throwing}
Armour
 s - a +0 tower shield
   (You found it on level 2 of the Dungeon)
Magical Staves
 u - a staff of poison {!astaff}
   (You found it on level 3 of the Dungeon)
Jewellery
 q - an amulet of magic regeneration (around mantle) {@e2}
   (You found it on level 2 of the Dungeon)
 v - an amulet of guardian spirit
   (You found it on level 3 of the Dungeon)
Wands
 r - a wand of digging (6)
   (You found it on level 2 of the Dungeon)
 w - a wand of paralysis (2)
   (You found it on level 3 of the Dungeon)
Scrolls
 b - a scroll of fog {unknown}
 f - a scroll of torment {unknown}
 h - 8 scrolls of identify {unknown}
 i - a scroll of summoning {unknown}
 o - 3 scrolls of teleportation {unknown}
 y - a scroll of brand weapon {unknown}
 z - a scroll of enchant armour {unknown}
 A - a scroll of noise {unknown}
 C - a scroll of immolation {unknown}
 D - a scroll of fear {unknown}
 L - a scroll of amnesia {unknown}
Potions
 a - a potion of magic
 d - a potion of haste {unknown}
 g - a potion of lignification {unknown}
 k - 2 potions of flight {unknown}
 n - a potion of brilliance {unknown}
 t - 3 potions of attraction {unknown}
 x - 2 potions of mutation {unknown}
 F - 2 potions of curing {unknown}
 H - a potion of might {unknown}
 K - a potion of heal wounds {unknown}

Dungeon Overview and Level Annotations

Branches:
Dungeon (6/15)
 Temple: D:4-7

Altars:
Wu Jian

Shops:
D:1 *

Annotations:
D:4 2 transporters, seaofthunder's ghost, amateur HuFi
D:6 Edmund

#####...###.#.###
# #...# #.#.#
#..... # #...#
#.#.## #...... #
#.###
#.#..##.......
#####.#
#.####........
...##.# #.#
#..!..... ##.##.#
#.####........
#.#
#.##.'g)......
#.#
#.##.'@)gY....
#.#
#....#.@.....Y
#.#
######.g......
#.# #........ #)#
##....... #.#
#...... #.#
#..... #.## #.$..
### #.<# ##..


You could see Edmund, a yak, an ice beast and 3 gnolls.


Message History

* * * LOW HITPOINT WARNING * * *
๐Ÿ˜จ HP[-8]
You take 8 damage, and now have 24/52 hp.
You hit the iguana.
The iguana shudders.
Reactivating autopickup.
You feel a bit more experienced.
You grab the iguana.
You constrict the iguana, but do no damage.
The iguana closely misses you.
Unknown command.
You hit the iguana but do no damage. Your squeeze misses the iguana.
You constrict the iguana, but do no damage.
The iguana closely misses you.
You hit the iguana but do no damage. You constrict the iguana.
The iguana bites you!
* * * LOW HITPOINT WARNING * * *
The iguana barely misses you. ๐Ÿ˜จ HP[-9]
You take 9 damage, and now have 15/52 hp.
You sock the iguana!
You kill the iguana! ๐Ÿ˜จ HP[+1]
You start resting. ๐Ÿ˜Ž HP[+36]
Your hp is fully restored (52).
Items here: )) [ รท.
Things that are here:
a +0 club {mace}; an orc skeleton Key pressed, stopping explore.
An orc comes into view. It is wielding a +0 club.
You conjure some foxfire! ๐Ÿ˜Ž MP[-1]
You lost 1 mp, and now have 15/16 mp.
You conjure some foxfire!
You conjure some foxfire!
The foxfire hits the orc.
The orc shouts!
The foxfire hits the orc.
You kill the orc!
No target in view!
No target in view!
No target in view!
Found a stone staircase leading up. ๐Ÿ˜Ž MP[+1]
Your mp is fully restored (16).
Things that are here:
a +0 club {mace}; a +0 chain mail; an orc corpse
There is a stone staircase leading up here.
L - a scroll labelled NAMYOW TOYGUZIYDD
Found a stone staircase leading down.
Key pressed, stopping explore.
Key pressed, stopping explore.
Things that are here:
a +0 club {mace}; a +0 chain mail; an orc corpse Key pressed, stopping explore.
There is a stone staircase leading down here.
Things that are here:
a +0 dagger {short}; a +0 robe; a +0 short sword {short} You see here a +0 club {mace}.
An ufetubus comes into view.
A gnoll sergeant and 2 gnolls come into view.
Edmund and 2 gnolls come into view.
Edmund is wielding a +4 antimagic flail.
An ice beast comes into view.
The ufetubus shouts!
The gnoll sergeant shouts!
The gnoll shouts! x2
Edmund shouts!
You hear a shout!
The ufetubus hits you. The ufetubus barely misses you.
The gnoll hits you from afar with a +3 spear.
The gnoll sergeant hits you from afar with a +0 spear!
The gnoll shouts!
There is a large open door, spattered with blood here. ๐Ÿ˜ฎ HP[-17]
You take 17 damage, and now have 35/52 hp.
MASSIVE DAMAGE!! (PAUSE)
The ufetubus closely misses you. x2
The gnoll hits you from afar with a +3 spear!
* * * LOW HITPOINT WARNING * * *
The gnoll sergeant hits you but does no damage.
The gnoll misses you. The ufetubus barely misses you. The ufetubus hits you.
* * * LOW HITPOINT WARNING * * *
๐Ÿ˜จ HP[-15]
You take 15 damage, and now have 20/52 hp.
MASSIVE DAMAGE!! (PAUSE) Unknown command.
Okay, then.
Okay, then.
You sock the gnoll sergeant!
The gnoll sergeant, the ufetubus and the gnolls shudder.
You kill the gnoll sergeant!
You kill the ufetubus!
You kill the gnoll!
The gnoll hits you from afar with a +3 spear!
* * * LOW HITPOINT WARNING * * *
A yak comes into view.
The gnoll hits you from afar with a +0 spear!
* * * LOW HITPOINT WARNING * * *
Your Fire Magic skill increases to level 8! ๐Ÿ˜ฑ HP[-17]
You take 17 damage, and now have 3/52 hp.
MASSIVE DAMAGE!! (PAUSE) It was a potion of cancellation.
You feel magically purged.
Edmund hits you with a +4 antimagic flail!
You die...

Skill      XL: |  1  2  3  4  5  6  7  8 |
---------------+-------------------------+-----
Conjurations   | 2 6 7 |  7.4
Spellcasting   | 5 |  5.8
Fire Magic     | 7 8 |  8.0
Fighting       | 1 2 3 |  3.2
Dodging        | 3 |  3.9
Stealth        | |  2.6

Action                   |  1- 3 |  4- 6 |  7- 9 || total
-------------------------+-------+-------+-------++-------
Melee: Unarmed           |     3 |       |       ||     3
       Constrict         |     1 |     5 |     4 ||    10
       Whip              |       |    14 |       ||    14
       Tentacles         |       |     3 |     3 ||     6
       Shillelagh        |       |       |    19 ||    19
 Cast: Foxfire           |    42 |    14 |     3 ||    59
       Scorch            |     8 |    92 |    23 ||   123
       Flame Wave        |       |     1 |     3 ||     4
  Use: Potion            |     1 |       |     1 ||     2
 Stab: Sleeping          |       |       |     2 ||     2
Armor: Skin              |       |     1 |     2 ||     3
Dodge: Dodged            |     5 |    46 |    27 ||    78

Levels and vault maps discovered:
D:1:      dpeg_arrival_solitude, layout_basic, serial_shops,
          nicolae_shop_temple_entry_statues_fountains
D:2:      layout_rooms, shapermc_ecumenical_altar_acropolis,
          minmay_misc_feat_diagonals, kennysheep_cross_bottleneck
D:3:      minmay_recursive_quarters, layout_basic, nzn_wu_jian_council_hall
D:4:      wander_river, layout_gridville, minmay_temple_entry_from_below_a,
          gammafunk_ghost_mausoleum
D:5:      layout_basic, serial_bayou, serial_bayou_crossing,
          serial_bayou_lagoon_b, serial_bayou_lagoon_a, serial_bayou_shore_b
D:6:      kennysheep_big_flooded_room, layout_loops_ring, uniq_duvessa,
          uniq_edmund, uniq_menkaure

Notes
Turn   | Place    | Note
-------+----------+-------------------------------------------
     0 | D:1      | spaghetti the Octopode Fire Elementalist began the quest
                  | for the Orb.
     0 | D:1      | Reached XP level 1. HP: 11/11 MP: 3/3
     0 | D:1      | magus.rc [v1.9.6]
   106 | D:1      | Found Egozin's General Store.
   249 | D:1      | Reached XP level 2. HP: 17/17 MP: 0/5
   782 | D:1      | Reached skill level 2 in Conjurations
   818 | D:1      | Reached XP level 3. HP: 21/21 MP: 2/6
   821 | D:1      | Learned a level 2 spell: Scorch
  1204 | D:2      | Identified a potion of experience
  1204 | D:2      | Reached skill level 5 in Spellcasting
  1204 | D:2      | Reached skill level 6 in Conjurations
  1204 | D:2      | Reached skill level 7 in Fire Magic
  1204 | D:2      | Reached XP level 4. HP: 15/27 MP: 0/11
  1210 | D:2      | HP: 6/27 [poisoned by a kobold]
  1473 | D:2      | Learned a level 4 spell: Flame Wave
  1477 | D:2      | Learned a level 3 spell: Inner Flame
  1570 | D:2      | You pick up a book of Frost and begin reading...
  1570 | D:2      | You add the spells Freeze, Frozen Ramparts and Hailstorm to
                  | your library.
  1708 | D:2      | Found a faded altar of an unknown god.
  1948 | D:2      | Reached XP level 5. HP: 31/31 MP: 5/13
  2364 | D:3      | You pick up a book of Flames and begin reading...
  3264 | D:3      | Found an ornate altar of the Wu Jian Council.
  3439 | D:4      | Reached skill level 1 in Fighting
  3464 | D:4      | Reached XP level 6. HP: 38/38 MP: 8/14
  4073 | D:4      | Found a transporter.
  4076 | D:4      | Noticed seaofthunder's ghost (amateur HuFi)
  4217 | D:4      | Found a transporter.
  4276 | D:5      | Entered Level 5 of the Dungeon
  4279 | D:5      | Reached XP level 7. HP: 41/44 MP: 11/15
  4350 | D:4      | HP: 8/44 [ogre/+0 giant club (21)]
  4353 | D:4      | Reached skill level 2 in Fighting
  4353 | D:4      | Reached skill level 3 in Dodging
  4799 | D:5      | Reached skill level 7 in Conjurations
  5366 | D:5      | Reached XP level 8. HP: 51/51 MP: 13/16
  5488 | D:5      | Found the +6 shillelagh "Devastator" {shatter}
  5541 | D:6      | Noticed Duvessa
  5542 | D:6      | Noticed Dowan
  5549 | D:6      | Killed Duvessa
  5549 | D:6      | Killed Dowan
  5776 | D:6      | Reached skill level 3 in Fighting
  6438 | D:6      | Noticed Edmund
  6441 | D:6      | HP: 11/52 [gnoll/+3 spear (9)]
  6441 | D:6      | Noticed a yak
  6441 | D:6      | HP: 3/52 [gnoll/+0 spear (8)]
  6442 | D:6      | Reached skill level 8 in Fire Magic
  6442 | D:6      | Slain by Edmund

Vanquished Creatures
  Duvessa (D:6)
  An ogre (D:4)
  A centaur (D:5)
  A gnoll sergeant (D:6)
  2 scorpions (D:5)
  Dowan (D:6)
  A howler monkey (D:5)
  2 hounds (D:4)
  An orc priest (D:4)
  A jelly (D:5)
  6 iguanas
  4 orc wizards
  3 adders
  11 gnolls
  A shadow imp (D:5)
  A white imp (D:6)
  2 ufetubi (D:6)
  5 worms
  5 dart slugs
  18 orcs
  7 ball pythons
  7 endoplasms
  5 giant cockroaches
  6 goblins
  8 hobgoblins
  3 jackals (D:1)
  5 kobolds
  5 quokkas
  8 bats
  A frilled lizard (D:1)
  2 rats (D:1)
125 creatures vanquished.

Vanquished Creatures (others)
  99 foxfires
  A fungus (D:2)
  5 plants (D:5)
105 creatures vanquished.

Grand Total: 230 creatures vanquished

Table legend:
 A = Non-vault XP
 B = Vault XP
 C = Vault XP percentage of total XP
 D = Non-vault monster count
 E = Vault monster count
 F = Vault count percentage of total count
                 A         B        C        D         E       F
            +---------+---------+-------+---------+---------+-------
      Total |    1488 |     232 |  13.5 |     114 |      11 |   8.8
            +---------+---------+-------+---------+---------+-------
        D:1 |      37 |       0 |   0.0 |      20 |       0 |   0.0
        D:2 |      66 |       0 |   0.0 |      20 |       0 |   0.0
        D:3 |     112 |      21 |  15.8 |      18 |       9 |  33.3
        D:4 |     477 |       0 |   0.0 |      31 |       0 |   0.0
        D:5 |     547 |       0 |   0.0 |      14 |       0 |   0.0
        D:6 |     249 |     211 |  45.9 |      11 |       2 |  15.4
            +---------+---------+-------+---------+---------+-------

Illustrated notes

Table legend:
 A = Kills in this place as a percentage of kills in entire the game.
 B = Kills by you in this place as a percentage of kills by you in the entire game.
 C = Kills by friends in this place as a percentage of kills by friends in the entire game.
 D = Other kills in this place as a percentage of other kills in the entire game.
 E = Experience gained in this place as a percentage of experience gained in the entire game.
 F = Experience gained in this place divided by the number of levels of this place that you have seen.
                   A       B       C       D       E      F
               +-------+-------+-------+-------+-------+----------------------
         Total | 100.0 | 100.0 |   N/A |   N/A | 100.0 | 286.7
       Dungeon | 100.0 | 100.0 |   N/A |   N/A | 100.0 | 286.7
               +-------+-------+-------+-------+-------+----------------------

Table legend: (Time is in decaauts)
 A = Elapsed time spent in this place.
 B = Non-inter-level travel time spent in this place.
 C = Inter-level travel time spent in this place.
 D = Time resting spent in this place.
 E = Time spent auto-exploring this place.
 F = Levels seen in this place.
 G = Mean time per level.
                   A        B        C        D        E       F      G
               +--------+--------+--------+--------+--------+-----+--------+
         Total |   6449 |   6245 |    204 |   1344 |   4281 |   6 | 1074.8 |
       Dungeon |   6449 |   6245 |    204 |   1344 |   4281 |   6 | 1074.8 |
               +--------+--------+--------+--------+--------+-----+--------+

Top non-repeatable levels by time:
     D:4: 1424 daAuts
     D:3: 1129 daAuts
     D:1: 1127 daAuts
     D:2: 1098 daAuts
     D:6: 921 daAuts
     D:5: 749 daAuts
